 Dungeon Crawl Stone Soup version 0.31-a0-251-gdc1e01ee57 (webtiles) character file.

Game seed: 5471048899470448935

249 qw the Shooter (level 5, 0/47 HPs)
             Began as a Minotaur Hexslinger on July 12, 2023.
             Slain by a gnoll
             ... wielding a +0 flail
              (1 damage)
             ... on level 3 of the Dungeon.
             The game lasted 00:00:47 (1586 turns).

qw the Shooter (Minotaur Hexslinger)                Turns: 1586, Time: 00:00:48

Health: 0/47       AC:  5    Str: 13    XL:     5   Next: 86%
Magic:  5/5        EV: 12    Int: 10    God:
Gold:   134        SH:  0    Dex: 14    Spells: 5/6 levels left

rFire   + . .        Y - +2 sling
rCold   + . .        (no shield)
rNeg    . . .        d - +0 leather armour
rPois   .            f - +1 hat
rElec   .            (no cloak)
rCorr   .            (no gloves)
SInv    .            j - +0 pair of boots
Will    .....        (no amulet)
Stlth   +            h - ring of protection from cold
HPRegen 0.27/turn    g - ring of protection from fire
MPRegen 0.09/turn

%: no passive effects
@: no status effects
A: horns 2, retaliatory headbutt
a: no special abilities


You were on level 3 of the Dungeon.
You visited 1 branch of the dungeon, and saw 3 of its levels.

You collected 134 gold pieces.


Innate Abilities, Weirdness & Mutations

You have a pair of horns on your head.
You reflexively headbutt those who attack you in melee.


   Skills:
 - Level 4.4 Fighting
 + Level 5.5 Ranged Weapons
 - Level 2.1 Dodging
 - Level 1.0 Spellcasting
 - Level 2.0 Hexes


You had 5 spell levels left.
You knew the following spells:

 Your Spells              Type           Power      Damage    Failure   Level
a - Slow                  Hex            16%        N/A       19%         1

Your spell library contained the following spells:

 Spells                   Type           Power      Damage    Failure   Level
 Inner Flame              Hex/Fire       2%         N/A       65%         3
 Portal Projectile        Hex/Tloc       4%         N/A       65%         3
 Cause Fear               Hex            2%         N/A       88%         4

Inventory:

Hand Weapons
 Y - a +2 sling (weapon)
Armour
 a - a +0 troll leather armour {Pargi}
 d - a +0 leather armour (worn)
 f - a +1 hat (worn)
 j - a +0 pair of boots (worn)
Jewellery
 g - a ring of protection from fire (right hand)
 h - a ring of protection from cold (left hand)
Potions
 i - 2 potions of haste

Dungeon Overview and Level Annotations

Branches:
Dungeon (3/15)

Altars:


Message History

You shoot a sling bullet. The sling bullet hits the gnoll.
The gnoll is moderately wounded.
A gnoll comes into view. It is wielding a +0 flail.
You shoot a sling bullet. The gnoll shouts!
The sling bullet hits the gnoll.
The gnoll is heavily wounded.
A hobgoblin comes into view.
You shoot a sling bullet. The sling bullet hits the gnoll.
The gnoll is severely wounded.
You shoot a sling bullet. The sling bullet hits the gnoll.
You kill the gnoll!
You shoot a sling bullet. The sling bullet hits the gnoll.
The gnoll is moderately wounded.
You shoot a sling bullet.
The sling bullet closely misses the gnoll.
The gnoll hits you but does no damage.
You shoot a sling bullet. The sling bullet hits the gnoll.
The gnoll is heavily wounded.
The gnoll hits you with a +0 flail. The gnoll closely misses you.
The gnoll hits you with a +0 flail! The gnoll hits you with a +0 club!
You shoot a sling bullet.
The sling bullet barely misses the gnoll.
The gnoll barely misses you. The gnoll closely misses you.
You shoot a sling bullet. The sling bullet hits the gnoll.
The gnoll is severely wounded.
The gnoll hits you with a +0 flail! The gnoll hits you with a +0 club.
You shoot a sling bullet. The sling bullet hits the gnoll.
You kill the gnoll!
The gnoll hits you but does no damage.
You shoot a sling bullet.
The sling bullet closely misses the gnoll.
You shoot a sling bullet. The sling bullet hits the gnoll.
The gnoll is severely wounded.
The gnoll hits you with a +0 flail. The gnoll hits you with a +0 whip. x2
The gnoll hits you with a +0 flail!
You shoot a sling bullet.
The sling bullet barely misses the gnoll.
The gnoll hits you with a +0 flail.
You die...

#..##.......#
##..#.......#
##.'.......#
.#######.......#
............####
........###.#
........# #.#
........# #.###
........# #.@g#
........# ###g#
........# g#
........# .# ..
.. ... ...


You could see 2 gnolls and a hobgoblin.

Vanquished Creatures
  Pargi (D:3)
  A hound (D:2)
  5 gnolls
  3 dart slugs
  An orc (D:3)
  3 ball pythons
  6 bats
  7 endoplasms
  3 giant cockroaches
  4 goblins
  8 hobgoblins
  4 kobolds
  5 quokkas
  2 frilled lizards
  5 rats
58 creatures vanquished.

Notes
Turn   | Place    | Note
-------+----------+-------------------------------------------
     0 | D:1      | qw the Minotaur Hexslinger began the quest for the Orb.
     0 | D:1      | Reached XP level 1. HP: 16/16 MP: 1/1
     0 | D:1      | 0 ||| qw: Version: 0.3-a-52-g30416fa
     0 | D:1      | 0 ||| qw: Game counter: 6577
     0 | D:1      | 0 ||| qw: Melee chars always use a shield: true
     0 | D:1      | 0 ||| qw: God list: Okawaru
     0 | D:1      | 0 ||| qw: Allow faded altars: false
     0 | D:1      | 0 ||| qw: Do Orc after clearing Dungeon:15 true
     0 | D:1      | 0 ||| qw: Do second Lair branch before Depths: true
     0 | D:1      | 0 ||| qw: Lair rune preference: random
     0 | D:1      | 0 ||| qw: Goals: Normal
     0 | D:1      | 0 ||| PLANNING D:1-11
   135 | D:1      | Reached skill level 3 in Ranged Weapons
   141 | D:1      | Reached XP level 2. HP: 23/23 MP: 2/2
   368 | D:1      | Reached XP level 3. HP: 29/29 MP: 3/3
   544 | D:1      | 544 ||| UPGRADING to +0 leather armour.
   554 | D:1      | 554 ||| DROPPING +0 robe.
   555 | D:1      | 555 ||| UPGRADING to +1 hat.
   560 | D:1      | 560 ||| DROPPING amulet of magic regeneration.
   561 | D:1      | 561 ||| UPGRADING to ring of protection from cold.
   562 | D:1      | 562 ||| READING scroll labelled LAQOYPN NUQAING.
   563 | D:1      | 563 ||| READING scroll labelled NUOFERR VYMIB.
   564 | D:1      | 564 ||| DRINKING 2 orange potions.
   565 | D:1      | 565 ||| DROPPING scroll of poison.
   597 | D:2      | Identified the +3 chain mail "Peiness" {rElec rPois rC++
                  | Int-4}
   737 | D:2      | Reached skill level 4 in Ranged Weapons
   842 | D:2      | Reached XP level 4. HP: 23/36 MP: 4/4
  1000 | D:2      | Reached skill level 5 in Ranged Weapons
  1316 | D:2      | 1316 ||| UPGRADING to +0 pair of boots.
  1321 | D:2      | 1321 ||| UPGRADING to ring of protection from fire.
  1322 | D:2      | 1322 ||| READING scroll labelled EVAWKI CUSSUST.
  1323 | D:2      | 1323 ||| READING scroll labelled WETAYPH EKLICH.
  1324 | D:2      | 1324 ||| READING scroll labelled ETIECO ZEXAFIVO.
  1325 | D:2      | 1325 ||| READING scroll labelled NEWOPN UJ OGIRHO.
  1326 | D:2      | 1326 ||| READING scroll labelled AKOATHRUENO.
  1390 | D:3      | Noticed Pargi
  1413 | D:3      | Killed Pargi
  1414 | D:3      | Reached XP level 5. HP: 14/47 MP: 5/5
  1585 | D:3      | HP: 10/47 [gnoll/+0 whip (2)]
  1585 | D:3      | HP: 1/47 [gnoll/+0 flail (7)]
  1586 | D:3      | Slain by a gnoll

Levels and vault maps discovered:
D:1:      lightli_arrival_noodles, layout_rooms
D:2:      minmay_diamond_boxcup, layout_rooms
D:3:      layout_basic, chequers_serial_rivers_micro_a, uniq_pargi

Skill      XL: |  1  2  3  4 |
---------------+-------------+-----
Ranged Weapons | 3 4 5 |  5.5
Fighting       | 2 4 |  4.4
Dodging        | |  2.1
Spellcasting   | |  1.0
Hexes          | |  2.0

Action                     |  1- 3 |  4- 6 || total
---------------------------+-------+-------++-------
   Fire: Sling             |   117 |    81 ||   198
    Use: Scroll            |     2 |     5 ||     7
         Potion            |     1 |       ||     1
 Armour: Robe              |     2 |       ||     2
         Leather armour    |    10 |    30 ||    40
  Dodge: Dodged            |    30 |    51 ||    81

Table legend:
 A = Non-vault XP
 B = Vault XP
 C = Vault XP percentage of total XP
 D = Non-vault monster count
 E = Vault monster count
 F = Vault count percentage of total count
                 A         B        C        D         E       F
            +---------+---------+-------+---------+---------+-------
      Total |     204 |     152 |  42.7 |      50 |       8 |  13.8
            +---------+---------+-------+---------+---------+-------
        D:1 |      48 |       0 |   0.0 |      24 |       0 |   0.0
        D:2 |     122 |      11 |   8.3 |      22 |       7 |  24.1
        D:3 |      34 |     141 |  80.6 |       4 |       1 |  20.0
            +---------+---------+-------+---------+---------+-------
